General information
- name: BNet
- type: Ladder team game (AT/RT)
- host: Battle.net
- saver: ufc-211-ko-guy
map: Deadlands
- players: 8
- length: 31:35
- speed: Fast
- version: 1.28 W3XP
- replay type: Public
» download(229 KB)
Players
team 1 (loser)
Khalindor (
blue | 99 APM | 2729 actions | 27:39)
5 Archmage
3 Blizzard
2 Brilliance Aura
5 Mountain King
3 Thunder Clap
2 Bash
» actions
| Assign group hotkey | 35 | |
| Basic commands | 98 | |
| Build / train | 86 | |
| ESC pressed | 4 | |
| Enter build submenu | 32 | |
| Enter hero's abilities submenu | 10 | |
| Right click | 1135 | |
| Select / deselect | 401 | |
| Select group hotkey | 817 | |
| Use ability | 111 | |
2729 total
» units
| Peasant | 13 | |
| Footman | 2 | |
| Priest | 4 | |
| Sorceress | 1 | |
| Spell Breaker | 19 | |
| Siege Engine | 4 | |
43 total
» upgrades
| Lumber Harvesting | 1 | |
| Magic Sentry | 1 | |
| Priest Training | 2 | |
| Masonry | 1 | |
| Plating | 2 | |
| Control Magic | 1 | |
| Swords | 1 | |
| Barrage | 1 | |
10 total
» buildings
| Altar of Kings | 1 | |
| Farm | 10 | |
| Barracks | 1 | |
| Lumber Mill | 1 | |
| Scout Tower | 10 | |
| Arcane Tower | 3 | |
| Keep | 1 | |
| Guard Tower | 9 | |
| Arcane Sanctum | 3 | |
| Arcane Vault | 1 | |
| Castle | 1 | |
| Blacksmith | 1 | |
| Town Hall | 3 | |
| Workshop | 2 | |
47 total
» build order
00:09 Altar of Kings
00:12 Farm
01:09 Barracks
01:15 Farm
01:25 Lumber Mill
01:37 Scout Tower
02:03 Arcane Tower
02:22 Farm
03:09 Keep
03:20 Farm
03:39 Farm
03:42 Scout Tower
04:10 Guard Tower
05:31 Arcane Sanctum
05:32 Arcane Sanctum
05:40 Arcane Sanctum
05:51 Scout Tower
06:10 Farm
06:25 Arcane Vault
06:27 Guard Tower
08:14 Farm
08:59 Castle
09:48 Blacksmith
09:50 Farm
10:57 Town Hall
11:00 Scout Tower
11:01 Scout Tower
12:00 Guard Tower
12:01 Arcane Tower
14:16 Farm
14:16 Farm
14:44 Workshop
14:44 Workshop
15:28 Scout Tower
21:03 Guard Tower
21:08 Guard Tower
21:09 Arcane Tower
21:33 Town Hall
21:37 Scout Tower
21:39 Scout Tower
21:40 Scout Tower
22:06 Guard Tower
22:06 Guard Tower
22:07 Guard Tower
22:11 Guard Tower
23:53 Town Hall
» items
| Scroll of Town Portal | 1 | |
| Ivory Tower | 4 | |
5 total
omw (
purple | 109 APM | 3440 actions | 31:33)
7 Archmage
3 Summon Water Elemental
3 Brilliance Aura
1 Mass Teleport
3 Mountain King
2 Storm Bolt
1 Bash
» actions
| Assign group hotkey | 118 | |
| Basic commands | 323 | |
| Build / train | 144 | |
| ESC pressed | 7 | |
| Enter build submenu | 42 | |
| Enter hero's abilities submenu | 10 | |
| Give item / drop item | 7 | |
| Right click | 1013 | |
| Select / deselect | 406 | |
| Select group hotkey | 1146 | |
| Use ability | 224 | |
3440 total
» units
| Peasant | 14 | |
| Footman | 7 | |
| Rifleman | 4 | |
| Goblin Zeppelin | 1 | |
| Goblin Shredder | 4 | |
| Gryphon Rider | 5 | |
| Goblin Sapper | 5 | |
40 total
» upgrades
| Masonry | 3 | |
| Lumber Harvesting | 1 | |
| Gunpowder | 3 | |
| Armor | 3 | |
| Swords | 3 | |
| Storm Hammers | 1 | |
| Cloud | 1 | |
| Animal War Training | 1 | |
16 total
» buildings
| Barracks | 1 | |
| Altar of Kings | 1 | |
| Farm | 10 | |
| Arcane Vault | 2 | |
| Lumber Mill | 1 | |
| Town Hall | 2 | |
| Keep | 4 | |
| Scout Tower | 21 | |
| Arcane Tower | 1 | |
| Blacksmith | 1 | |
| Guard Tower | 25 | |
| Castle | 3 | |
| Gryphon Aviary | 4 | |
76 total
» build order
00:37 Barracks
00:39 Altar of Kings
00:50 Farm
01:04 Farm
01:45 Farm
01:52 Farm
02:12 Arcane Vault
03:14 Lumber Mill
03:44 Town Hall
04:03 Keep
04:03 Keep
04:03 Keep
04:24 Scout Tower
04:55 Arcane Tower
05:45 Blacksmith
06:13 Scout Tower
06:13 Scout Tower
06:14 Scout Tower
06:14 Scout Tower
06:15 Scout Tower
06:51 Guard Tower
06:51 Guard Tower
06:51 Guard Tower
07:19 Arcane Vault
08:25 Guard Tower
08:25 Guard Tower
08:26 Guard Tower
09:03 Castle
09:03 Castle
09:43 Farm
09:45 Farm
10:52 Gryphon Aviary
10:53 Gryphon Aviary
11:09 Scout Tower
11:11 Scout Tower
11:14 Scout Tower
11:18 Scout Tower
11:20 Scout Tower
11:22 Scout Tower
12:01 Guard Tower
12:02 Guard Tower
12:02 Guard Tower
12:05 Guard Tower
12:17 Guard Tower
12:17 Guard Tower
12:20 Scout Tower
12:22 Scout Tower
13:12 Guard Tower
13:12 Guard Tower
13:12 Guard Tower
13:29 Gryphon Aviary
13:32 Gryphon Aviary
14:19 Farm
14:21 Farm
15:25 Farm
15:27 Farm
15:46 Scout Tower
15:48 Scout Tower
15:55 Scout Tower
16:22 Guard Tower
16:23 Guard Tower
16:23 Guard Tower
17:38 Guard Tower
18:59 Scout Tower
19:01 Scout Tower
19:02 Scout Tower
19:04 Scout Tower
20:51 Guard Tower
25:12 Town Hall
» items
| Scroll of Regeneration | 5 | |
| Mechanical Critter | 3 | |
| Boots of Speed | 1 | |
| Periapt of Vitality | 2 | |
| Lesser Clarity Potion | 1 | |
| Staff of Teleportation | 2 | |
| Scroll of Town Portal | 1 | |
| Staff of Sanctuary | 1 | |
| Orb of Fire | 1 | |
| Orb of Lightning | 1 | |
| Tiny Great Hall | 1 | |
19 total
stoneybonzai (
yellow | 101 APM | 2384 actions | 23:37)
4 Blademaster
2 Wind Walk
2 Critical Strike
2 Shadow Hunter
1 Healing Wave
1 Hex
» actions
| Assign group hotkey | 33 | |
| Basic commands | 1 | |
| Build / train | 66 | |
| ESC pressed | 3 | |
| Enter build submenu | 26 | |
| Enter hero's abilities submenu | 6 | |
| Give item / drop item | 1 | |
| Right click | 705 | |
| Select / deselect | 349 | |
| Select group hotkey | 1071 | |
| Use ability | 122 | |
2384 total
» units
| Peon | 14 | |
| Grunt | 5 | |
| Troll Batrider | 16 | |
| Raider | 5 | |
40 total
» upgrades
| Armor | 2 | |
| Melee Weapons | 2 | |
| Spiked Barricades | 1 | |
| Ensnare | 1 | |
| Berserker Strength | 1 | |
| Liquid Fire | 1 | |
| Reinforced Defenses | 1 | |
9 total
» buildings
| Altar of Storms | 1 | |
| Orc Burrow | 7 | |
| Barracks | 1 | |
| Voodoo Lounge | 1 | |
| Stronghold | 1 | |
| War Mill | 1 | |
| Beastiary | 2 | |
| Fortress | 1 | |
| Watch Tower | 4 | |
| Great Hall | 1 | |
20 total
» build order
00:06 Altar of Storms
00:20 Orc Burrow
00:42 Barracks
01:43 Orc Burrow
02:00 Voodoo Lounge
03:33 Orc Burrow
04:00 Stronghold
04:22 War Mill
07:05 Beastiary
07:09 Beastiary
07:18 Orc Burrow
07:33 Fortress
07:37 Watch Tower
07:43 Watch Tower
11:19 Great Hall
12:30 Watch Tower
12:54 Orc Burrow
13:00 Orc Burrow
13:50 Watch Tower
18:14 Orc Burrow
» items
| Healing Salve | 3 | |
| Scroll of Speed | 2 | |
| Lesser Clarity Potion | 1 | |
| Orb of Lightning | 1 | |
7 total
Newbs. (
teal | 38 APM | 868 actions | 22:56)
5 Blademaster
3 Wind Walk
2 Critical Strike
» actions
| Basic commands | 53 | |
| Build / train | 65 | |
| Enter build submenu | 26 | |
| Enter hero's abilities submenu | 5 | |
| Give item / drop item | 1 | |
| Right click | 286 | |
| Select / deselect | 305 | |
| Use ability | 127 | |
868 total
» units
| Peon | 11 | |
| Shaman | 5 | |
| Raider | 13 | |
| Tauren | 5 | |
34 total
» upgrades
| Melee Weapons | 3 | |
| Armor | 3 | |
| Shaman Training | 2 | |
| Ensnare | 1 | |
| Pillage | 1 | |
| Reinforced Defenses | 1 | |
| Pulverize | 1 | |
12 total
» buildings
| War Mill | 1 | |
| Orc Burrow | 9 | |
| Altar of Storms | 2 | |
| Voodoo Lounge | 1 | |
| Watch Tower | 4 | |
| Stronghold | 4 | |
| Fortress | 3 | |
| Spirit Lodge | 1 | |
| Beastiary | 3 | |
| Tauren Totem | 3 | |
31 total
» build order
00:27 War Mill
00:43 Orc Burrow
01:11 Altar of Storms
01:40 Orc Burrow
02:18 Voodoo Lounge
02:39 Watch Tower
03:05 Stronghold
03:06 Stronghold
03:48 Orc Burrow
05:28 Fortress
05:28 Fortress
05:28 Fortress
05:31 Spirit Lodge
06:47 Watch Tower
07:05 Watch Tower
07:39 Beastiary
07:42 Beastiary
09:10 Orc Burrow
11:39 Orc Burrow
13:20 Watch Tower
13:22 Beastiary
13:25 Tauren Totem
13:27 Tauren Totem
13:36 Tauren Totem
15:08 Orc Burrow
15:36 Orc Burrow
15:56 Orc Burrow
16:12 Orc Burrow
18:21 Altar of Storms
» items
| Healing Salve | 1 | |
| Circlet of Nobility | 2 | |
| Boots of Speed | 1 | |
| Orb of Lightning | 1 | |
5 total
team 2 (winner)
NoTDuS3 (
green | 44 APM | 1318 actions | 29:55)
5 Mountain King
3 Storm Bolt
2 Bash
2 Blood Mage
1 Flame Strike
1 Siphon Mana
» actions
| Assign group hotkey | 26 | |
| Basic commands | 157 | |
| Build / train | 72 | |
| Enter build submenu | 36 | |
| Enter hero's abilities submenu | 8 | |
| Give item / drop item | 1 | |
| Right click | 424 | |
| Select / deselect | 502 | |
| Select group hotkey | 19 | |
| Use ability | 73 | |
1318 total
» units
| Peasant | 18 | |
| Footman | 5 | |
| Rifleman | 5 | |
| Knight | 4 | |
| Priest | 5 | |
| Mortar Team | 5 | |
| Spell Breaker | 1 | |
| Gryphon Rider | 5 | |
48 total
» upgrades
| Animal War Training | 1 | |
| Priest Training | 2 | |
| Armor | 1 | |
4 total
» buildings
| Altar of Kings | 2 | |
| Farm | 10 | |
| Barracks | 1 | |
| Lumber Mill | 1 | |
| Scout Tower | 9 | |
| Arcane Tower | 1 | |
| Blacksmith | 1 | |
| Arcane Vault | 1 | |
| Keep | 1 | |
| Guard Tower | 6 | |
| Arcane Sanctum | 1 | |
| Workshop | 2 | |
| Castle | 1 | |
| Gryphon Aviary | 2 | |
| Town Hall | 2 | |
41 total
» build order
00:06 Altar of Kings
00:09 Farm
00:31 Barracks
00:46 Farm
01:57 Farm
02:27 Lumber Mill
02:32 Scout Tower
03:04 Arcane Tower
03:12 Blacksmith
03:48 Arcane Vault
04:44 Keep
05:07 Farm
05:11 Farm
05:26 Scout Tower
05:57 Guard Tower
07:17 Arcane Sanctum
08:03 Farm
08:05 Farm
08:11 Workshop
08:19 Castle
09:56 Workshop
11:07 Farm
11:07 Farm
15:22 Scout Tower
15:26 Scout Tower
15:28 Scout Tower
15:54 Guard Tower
16:01 Guard Tower
16:10 Guard Tower
20:03 Gryphon Aviary
20:07 Gryphon Aviary
20:15 Scout Tower
20:21 Scout Tower
20:29 Scout Tower
20:33 Scout Tower
22:25 Town Hall
22:34 Guard Tower
22:47 Guard Tower
24:42 Town Hall
28:28 Altar of Kings
» items
| Scroll of Regeneration | 1 | |
| Scroll of Town Portal | 1 | |
2 total
Holohoax (
red | 69 APM | 1636 actions | 23:37)
6 Archmage
3 Summon Water Elemental
2 Brilliance Aura
1 Mass Teleport
» actions
| Assign group hotkey | 69 | |
| Basic commands | 48 | |
| Build / train | 87 | |
| Enter build submenu | 75 | |
| Enter hero's abilities submenu | 6 | |
| Give item / drop item | 10 | |
| Right click | 565 | |
| Select / deselect | 361 | |
| Select group hotkey | 246 | |
| Use ability | 169 | |
1636 total
» units
| Peasant | 13 | |
| Footman | 5 | |
| Goblin Shredder | 1 | |
| Dragonhawk Rider | 6 | |
| Gryphon Rider | 2 | |
27 total
» upgrades
| Masonry | 3 | |
| Swords | 3 | |
| Armor | 3 | |
| Animal War Training | 1 | |
| Cloud | 1 | |
| Lumber Harvesting | 2 | |
| Storm Hammers | 1 | |
14 total
» buildings
| Altar of Kings | 1 | |
| Barracks | 1 | |
| Farm | 10 | |
| Scout Tower | 56 | |
| Arcane Tower | 1 | |
| Lumber Mill | 2 | |
| Arcane Vault | 2 | |
| Keep | 1 | |
| Town Hall | 1 | |
| Guard Tower | 15 | |
| Castle | 1 | |
| Gryphon Aviary | 4 | |
| Blacksmith | 2 | |
| Arcane Sanctum | 1 | |
98 total
» build order
00:40 Altar of Kings
00:42 Barracks
00:51 Farm
00:53 Farm
01:05 Farm
01:35 Farm
01:52 Scout Tower
02:47 Arcane Tower
03:12 Lumber Mill
03:28 Arcane Vault
04:40 Keep
04:57 Town Hall
04:59 Scout Tower
04:59 Scout Tower
05:00 Scout Tower
05:00 Scout Tower
05:28 Guard Tower
07:56 Scout Tower
07:57 Scout Tower
07:59 Scout Tower
08:01 Scout Tower
08:02 Scout Tower
08:09 Castle
08:19 Scout Tower
08:21 Scout Tower
08:23 Scout Tower
08:58 Guard Tower
08:59 Guard Tower
09:02 Guard Tower
09:29 Guard Tower
09:33 Arcane Vault
10:34 Gryphon Aviary
10:34 Gryphon Aviary
10:35 Gryphon Aviary
10:35 Gryphon Aviary
10:56 Blacksmith
10:58 Blacksmith
11:30 Scout Tower
11:32 Scout Tower
11:33 Scout Tower
11:38 Scout Tower
11:39 Scout Tower
11:40 Scout Tower
11:42 Scout Tower
11:44 Scout Tower
12:05 Farm
12:06 Farm
13:21 Guard Tower
14:03 Scout Tower
14:03 Scout Tower
14:04 Scout Tower
14:04 Scout Tower
14:05 Scout Tower
14:07 Scout Tower
14:07 Scout Tower
14:07 Scout Tower
15:14 Guard Tower
15:23 Lumber Mill
15:30 Scout Tower
15:30 Scout Tower
15:30 Scout Tower
15:32 Scout Tower
15:33 Scout Tower
15:33 Scout Tower
15:34 Scout Tower
15:50 Scout Tower
15:50 Scout Tower
15:51 Scout Tower
15:51 Scout Tower
15:51 Scout Tower
16:08 Guard Tower
16:11 Guard Tower
16:11 Guard Tower
16:11 Guard Tower
16:23 Guard Tower
18:25 Guard Tower
18:34 Scout Tower
18:34 Scout Tower
18:35 Scout Tower
18:35 Scout Tower
18:36 Scout Tower
18:41 Scout Tower
18:41 Scout Tower
18:41 Scout Tower
18:42 Scout Tower
18:42 Scout Tower
19:14 Arcane Sanctum
19:50 Guard Tower
21:41 Farm
21:44 Farm
21:47 Farm
21:49 Farm
» items
| Scroll of Regeneration | 7 | |
| Mechanical Critter | 6 | |
| Scroll of Town Portal | 4 | |
| Lesser Clarity Potion | 1 | |
| Potion of Healing | 2 | |
| Staff of Sanctuary | 1 | |
21 total
ufc-211-ko-guy (
orange | 74 APM | 2323 actions | 31:35)
4 Blademaster
2 Wind Walk
2 Critical Strike
1 Archmage
1 Brilliance Aura
» actions
| Assign group hotkey | 35 | |
| Basic commands | 69 | |
| Build / train | 48 | |
| Enter build submenu | 10 | |
| Enter hero's abilities submenu | 5 | |
| Give item / drop item | 3 | |
| Right click | 1017 | |
| Select / deselect | 190 | |
| Select group hotkey | 837 | |
| Use ability | 109 | |
2323 total
» units
| Peon | 10 | |
| Troll Batrider | 12 | |
| Gryphon Rider | 1 | |
| Dragonhawk Rider | 1 | |
24 total
» upgrades
| Ranged Weapons | 2 | |
| Liquid Fire | 1 | |
| Reinforced Defenses | 1 | |
4 total
» buildings
| Altar of Storms | 1 | |
| Orc Burrow | 4 | |
| Voodoo Lounge | 1 | |
| Stronghold | 2 | |
| War Mill | 1 | |
| Beastiary | 2 | |
| Fortress | 1 | |
| Watch Tower | 7 | |
19 total
» build order
00:15 Altar of Storms
00:21 Orc Burrow
01:06 Voodoo Lounge
02:10 Stronghold
02:10 Stronghold
02:46 Orc Burrow
02:46 Orc Burrow
02:47 Orc Burrow
02:57 War Mill
04:33 Beastiary
04:34 Beastiary
05:01 Fortress
06:30 Watch Tower
06:31 Watch Tower
06:33 Watch Tower
06:34 Watch Tower
07:10 Watch Tower
08:06 Watch Tower
08:10 Watch Tower
» items
| Healing Salve | 1 | |
| Lesser Clarity Potion | 4 | |
| Staff of Teleportation | 1 | |
| Potion of Mana | 3 | |
9 total

»
lolalpha (
pink | 27 APM | 484 actions | 17:51)
2 Tauren Chieftain
1 Endurance Aura
1 Shockwave
» actions
| Assign group hotkey | 14 | |
| Basic commands | 5 | |
| Build / train | 26 | |
| Enter build submenu | 12 | |
| Enter hero's abilities submenu | 2 | |
| Right click | 209 | |
| Select / deselect | 154 | |
| Select group hotkey | 21 | |
| Use ability | 41 | |
484 total
» units
| Peon | 7 | |
| Grunt | 6 | |
| Troll Headhunter/Berserker | 2 | |
15 total
» upgrades
» buildings
| Orc Burrow | 4 | |
| Altar of Storms | 1 | |
| Barracks | 1 | |
| Voodoo Lounge | 1 | |
| War Mill | 1 | |
| Stronghold | 1 | |
| Watch Tower | 2 | |
| Fortress | 1 | |
| Great Hall | 1 | |
13 total
» build order
00:08 Orc Burrow
00:12 Altar of Storms
00:51 Barracks
01:39 Orc Burrow
03:04 Voodoo Lounge
05:39 War Mill
06:19 Stronghold
06:25 Orc Burrow
07:41 Watch Tower
09:29 Watch Tower
09:47 Fortress
10:43 Orc Burrow
12:39 Great Hall
» items
| Healing Salve | 3 | |
| Lesser Clarity Potion | 1 | |
| Scroll of Speed | 1 | |
5 total
Chat log
(00:07 / All) Khalindor: what races were u guys plz
(00:25 / All) Holohoax: time is a flat circle
(00:25 / All) NoTDuS3: caucasian
(00:30 / All) Khalindor: im a busy guy..
(00:32 / All) ufc-211-ko-guy: d
(00:43 / All) ufc-211-ko-guy: blue ddidnt u debate about mma fighting or something
(00:45 / All) ufc-211-ko-guy: last night
(00:52 / All) Khalindor: with texas.. .but that doesnt count
(00:56 / All) ufc-211-ko-guy: texas
(00:59 / All) ufc-211-ko-guy: is a physco
(01:03 / All) Khalindor: yes..
(01:13 / All) Holohoax: Stipe HW champ
(01:15 / All) Holohoax: WHITE PRIDE
(01:17 / All) Holohoax: >
(01:19 / All) Holohoax: BROWN PRIDE
(02:07 / All) ufc-211-ko-guy: do u watch UFC blue
(02:16 / All) Khalindor: not much anymore used 2 a lot
(03:04 / All) Khalindor: AHHHHHHHH
(05:10 / All) Khalindor: those footmen were traitors anyways
(05:18 / All) ufc-211-ko-guy: wasnt judging u
(05:23 / All) Khalindor: ty
(06:56 / All) ufc-211-ko-guy: seriously teal
(06:58 / All) ufc-211-ko-guy: go away
(07:16 / Allies) ufc-211-ko-guy: wood plz
(07:17 / Allies) Holohoax: wtf is wrong with yiu green
(07:22 / Allies) ufc-211-ko-guy: wood plz
(07:25 / Allies) Holohoax: you should up last second
(07:27 / Allies) Holohoax: for exp
(07:29 / Allies) Holohoax: lame faggot
(07:44 / Allies) Holohoax: at least hit this with me
(08:15 / Allies) ufc-211-ko-guy: thx pink
(08:17 / Allies) ufc-211-ko-guy: a little more wood plz?
(08:29 / Allies) Holohoax: go
(10:05 / Allies) Holohoax: howd your hero die
(10:10 / Allies) ufc-211-ko-guy: teal bm
(10:21 / Allies) ufc-211-ko-guy: pink needs hlep
(10:28 / Allies) ufc-211-ko-guy: tp
(10:29 / Allies) ufc-211-ko-guy: to pink
(10:57 / All) Khalindor: ^_^
(11:13 / Allies) lolalpha: waity oj
(11:23 / Allies) Holohoax: they might hit me
(12:12 / Allies) Holohoax: re[aor
(12:13 / Allies) Holohoax: repair
(12:14 / Allies) Holohoax: repaior
(12:20 / Allies) Holohoax: REPAIR
(12:22 / Allies) Holohoax: R KEY
(12:32 / All) Holohoax: OH
(12:34 / All) Holohoax: it's lolalpha
(12:52 / All) Holohoax: no wonder no repair
(13:05 / Allies) lolalpha: lol
(14:35 / Allies) Holohoax: lets halkl yellow
(15:15 / Allies) Holohoax: lumber
(15:29 / All) Newbs.: Pawned
(15:32 / All) Newbs.: Gg newbs
(15:38 / All) Khalindor: gg guys, wp
(15:51 / All) ufc-211-ko-guy: yellow leave ur damn base coward
(16:04 / All) Newbs.: yellow is a newb
(16:24 / Allies) ufc-211-ko-guy: do u got cloud
(16:41 / Allies) lolalpha: lol
(17:29 / Allies) ufc-211-ko-guy: ur base
(17:30 / Allies) ufc-211-ko-guy: bob
(18:26 / Allies) Holohoax: lumber
(18:27 / All) ufc-211-ko-guy: green didnt bolt
(18:31 / All) ufc-211-ko-guy: one time
(18:39 / All) NoTDuS3: haha
(18:44 / All) NoTDuS3: yes I did
(19:10 / All) Newbs.: yall got Smashed by blue and I
(19:20 / Allies) NoTDuS3: we won 2 v 4 ahha
(19:22 / All) ufc-211-ko-guy: so teal talks shit when he thinks he won
(19:32 / All) NoTDuS3: haha
(19:36 / All) NoTDuS3: this is a lost cause
(19:38 / All) Newbs.: win is win
(19:39 / Allies) ufc-211-ko-guy: hit
(19:40 / All) Newbs.: lose is lose
(19:44 / All) ufc-211-ko-guy: aint a win son
(19:50 / All) omw: lucky for you guys teal is on my KoS list
(19:52 / All) Newbs.: purple is a fagget
(19:56 / All) ufc-211-ko-guy: teal mad
(20:03 / Allies) ufc-211-ko-guy: hit
(20:05 / Allies) ufc-211-ko-guy: guys
(20:09 / Allies) NoTDuS3: gold please
(20:13 / All) Newbs.: purple is going to change his name
(20:19 / All) Newbs.: after this round
(20:22 / All) Newbs.: purple is a tk nigger
(20:29 / All) omw: great foresight there, fagboy
(20:29 / Allies) Holohoax: go somewhere I can tp
(20:53 / All) Newbs.: we all know purple is a little bitch in person
(21:14 / All) omw: you tked me last game we played
(21:14 / All) Newbs.: purple is going to use a different account name
(21:18 / All) Newbs.: after this
(21:18 / All) omw: you stole my item from my shop
(21:22 / All) omw: so I tk you every time teal
(21:26 / All) Holohoax: good bat work
(21:26 / All) Newbs.: bitch boy purple
(21:30 / All) Newbs.: silly fagget kid
(21:32 / All) omw: that was an unjust theft of my lightning orb
(21:36 / All) ufc-211-ko-guy: teal quit being a baby
(21:37 / All) ufc-211-ko-guy: nigger
(21:40 / All) ufc-211-ko-guy: u got tked
(21:41 / All) ufc-211-ko-guy: so what
(21:53 / All) omw: your base is mine now teal
(22:02 / All) Newbs.: the only nigger here is your homosexual fag boy purple, butt buddy
(22:09 / Allies) NoTDuS3: 100 gold please
(22:13 / All) Newbs.: making your team win
(22:14 / Allies) ufc-211-ko-guy: blues
(22:15 / Allies) ufc-211-ko-guy: expo
(22:27 / All) Newbs.: purple is your gay lover
(22:28 / Allies) ufc-211-ko-guy: tp to me
(22:42 / All) Newbs.: purple is a bitch boy
(23:17 / All) ufc-211-ko-guy: how is it yellow is everywhere we are
(23:32 / All) omw: plug puller
(23:37 / All) ufc-211-ko-guy: blue if u dont tk him im getting u banned from s4s
(23:45 / All) omw: blue drophacker?
(23:52 / Allies) NoTDuS3: get him orange
(23:59 / All) omw: now green is dropping
(24:11 / All) NoTDuS3: i drop half the time anyways haha
(24:30 / All) omw: green drophacker?
(24:31 / All) omw: or blue
(24:32 / All) ufc-211-ko-guy: so blue
(24:33 / All) ufc-211-ko-guy: is the hacker
(24:54 / Allies) NoTDuS3: get him orange
(24:57 / Allies) NoTDuS3: control
(25:10 / Allies) ufc-211-ko-guy: green dont hit purple
(25:11 / Allies) ufc-211-ko-guy: ok
(25:13 / Allies) ufc-211-ko-guy: hes gonna tk blue
(25:49 / All) Khalindor: well we lose..
(25:51 / All) Khalindor: puprp killing me
(26:04 / All) ufc-211-ko-guy: why did u use disc hack blue
(26:10 / All) Khalindor: why the fuck would i use a hack
(26:12 / All) Khalindor: we are winning
(26:17 / All) Khalindor: i outplayed everyone in this entire game
(26:20 / All) Khalindor: no needs for hacks, morons
(26:27 / All) omw: hacker down
(26:28 / All) omw: keep denying
(26:32 / All) omw: sending this replay to blizzard
(26:37 / All) Khalindor: u guys are idiots..
(27:44 / All) omw: green lose now
(27:46 / All) ufc-211-ko-guy: give green the win
(27:47 / All) omw: in case he's hacker
(27:47 / All) ufc-211-ko-guy: i say
(27:50 / All) ufc-211-ko-guy: he isnt hacker
(27:54 / All) omw: we don't know if blue is the hacker for sure
(28:03 / All) omw: and green is a suspicious 0-0 acc
(28:50 / Allies) NoTDuS3: attack orange youdick
(28:59 / Allies) NoTDuS3: fuck man we woulda won the battle
(29:05 / Allies) NoTDuS3: you kept bringing him back
(29:16 / Allies) ufc-211-ko-guy: green can u lave plz
(29:18 / All) NoTDuS3: orange is fighting against me
(29:23 / All) omw: you lose
(29:24 / All) omw: out
(29:56 / All) ufc-211-ko-guy: green did u use disc hac